 Dungeon Crawl Stone Soup version 0.22.1-6-g1668fe2 (webtiles) character file.

75 Yuikono the Grasshopper (level 4, -1/29 HPs)
             Began as a Halfling Warper on Jan 24, 2019.
             Slain by a bullfrog (7 damage)
             ... on level 3 of the Dungeon.
             The game lasted 00:04:05 (1977 turns).

Yuikono the Grasshopper (Halfling Warper)           Turns: 1977, Time: 00:04:06

Health: -1/29      AC:  3    Str: 12    XL:     4   Next: 55%
Magic:  7/7        EV: 14    Int: 11    God:
Gold:   89         SH:  0    Dex: 14    Spells: 7/7 levels left

rFire    . . .     SeeInvis .   p - +1 short sword (speed)
rCold    . . .     Gourm    .   (shield restricted)
rNeg     . . .     Faith    .   b - +0 leather armour
rPois    .         Spirit   .   (no helmet)
rElec    .         Reflect  .   (no cloak)
rCorr    .         Harm     .   (no gloves)
MR       .....                  (no boots)
Stlth    ++........             (no amulet)
HPRegen  0.09/turn              (no ring)
MPRegen  0.10/turn              (no ring)

@: no status effects
A: small, mutation resistance 1
a: no special abilities


You were on level 3 of the Dungeon.
You were not hungry.

You visited 1 branch of the dungeon, and saw 3 of its levels.

You collected 89 gold pieces.

Inventory:

Hand Weapons
 o - a +0 hunting sling
 p - a +1 short sword of speed (weapon)
Missiles
 e - 5 tomahawks of dispersal
 g - 51 sling bullets
 m - 21 stones (quivered)
Armour
 b - a +0 leather armour (worn)
Jewellery
 l - an uncursed amulet of regeneration {unknown}
Scrolls
 d - a scroll of blinking
 i - a scroll of identify {unknown}
 k - 4 scrolls of remove curse {unknown}
 n - 2 scrolls of teleportation {unknown}
Potions
 c - a potion of curing {unknown}
 h - 3 potions of mutation {unknown}
 j - a potion of degeneration {unknown}
 q - a potion of heal wounds {unknown}
Comestibles
 f - 3 rations


   Skills:
 - Level 2.0 Fighting
 + Level 3.1 Short Blades
 + Level 1.5(1.9) Slings
 - Level 1.0(1.2) Throwing
 - Level 1.1 Armour
 - Level 2.1 Dodging
 + Level 1.9 Stealth
 * Level 2.4 Spellcasting
   Level 3.2 Translocations


You had 7 spell levels left.
You didn't know any spells.
Your spell library contained the following spells:

 Spells                   Type           Power        Failure   Level  Hunger
 Blink                    Tloc           N/A          14%         2    ###....
 Shroud of Golubria       Chrm/Tloc      #.........   26%         2    ###....
 Gell's Gravitas          Tloc           #.........   28%         3    ####...
 Lesser Beckoning         Tloc           #.........   28%         3    ####...
 Teleport Other           Tloc           #.......     28%         3    ####...
 Passage of Golubria      Tloc           N/A          67%         4    #####..


Dungeon Overview and Level Annotations

Branches:
Dungeon (3/15)

Altars:


Innate Abilities, Weirdness & Mutations

You are small and have problems with some larger weapons.
You are somewhat resistant to further mutation.


Message History

You hit the bullfrog.
The bullfrog is heavily wounded.
The bullfrog hits you.
Your leather armour prevents you from hitting the bullfrog.
The bullfrog is heavily wounded.
The bullfrog misses you.
You closely miss the bullfrog.
The bullfrog is heavily wounded.
The bullfrog closely misses you.
You closely miss the bullfrog.
The bullfrog is heavily wounded.
The bullfrog misses you.
You closely miss the bullfrog.
The bullfrog is heavily wounded.
The bullfrog hits you!
* * * LOW HITPOINT WARNING * * *
You barely miss the bullfrog.
The bullfrog is heavily wounded.
The bullfrog hits you!
You die...

###### #..... #.<... ###
#.....
(.############.....
#.#................
######F#.###############
#......@......#
#........####.#
#..###.### # #. #. <. ..
###


You could see a bullfrog.

Vanquished Creatures
  Terence (D:2)
  2 adders (D:2)
  A worm (D:2)
  A dart slug (D:2)
  A bat (D:2)
  3 giant cockroaches (D:2)
  4 goblins
  4 hobgoblins
  4 kobolds
  3 frilled lizards
  6 rats
30 creatures vanquished.

Notes
Turn   | Place    | Note
-------+----------+-------------------------------------------
     0 | D:1      | Yuikono the Halfling Warper began the quest for the Orb.
     0 | D:1      | Reached XP level 1. HP: 14/14 MP: 3/3
   265 | D:1      | Reached XP level 2. HP: 19/19 MP: 4/4
  1140 | D:2      | Reached skill level 1 in Stealth
  1258 | D:2      | Reached XP level 3. HP: 11/24 MP: 6/6
  1589 | D:2      | Reached skill level 1 in Slings
  1589 | D:2      | Reached XP level 4. HP: 29/29 MP: 7/7
  1610 | D:2      | Noticed Terence
  1660 | D:2      | Killed Terence
  1959 | D:3      | Noticed a bullfrog
  1977 | D:3      | Slain by a bullfrog

Skill      XL: |  1  2  3 |
---------------+----------+-----
Fighting       | 2 |  2.0
Spellcasting   | 2 |  2.4
Stealth        | 1 |  1.9
Short Blades   | 3 |  3.1
Slings         | 1 |  1.5
Throwing       | |  1.0
Armour         | |  1.1
Dodging        | |  2.1
Translocations | |  3.2

Action                   |  1- 3 |  4- 6 || total
-------------------------+-------+-------++-------
Melee: Short sword       |   128 |    19 ||   147
 Fire: Hunting sling     |       |     5 ||     5
Throw: Stone             |     2 |     1 ||     3
 Stab: Sleeping          |     3 |       ||     3
  Eat: Chunk             |     2 |     1 ||     3
Armor: Leather armour    |    29 |     2 ||    31
Dodge: Dodged            |    86 |     8 ||    94
